 Dungeon Sprint DCSS version 0.30-a0-800-g7c544603b3 (webtiles) character file.

Game seed: 17317399777920782438

7638 BigDaddyOpFi the End of an Era (level 10, -4/88 HPs)
             Began as a Demonspawn Fighter on Feb 22, 2023.
             Was the Champion of Qazlal.
             Killed from afar by a naga mage (11 damage)
             ... with a bolt of poison
             ... in the Dungeon (Sprint VII: "The Pits").
             The game lasted 00:03:14 (2856 turns).

BigDaddyOpFi the End of an Era (Demonspawn Fighter) Turns: 2856, Time: 00:03:14

Health: -4/88      AC: 24    Str: 21    XL:     10   Next: 98%
Magic:  20/23      EV:  6    Int: 13    God:    Qazlal [******]
Gold:   0          SH: 19    Dex: 15    Spells: 9/9 levels left

rFire   . . .      SeeInvis .    m - +2 war axe (freeze)
rCold   . . .      Faith    .    c - +0 buckler
rNeg    . . .      Spirit   .    n - +3 plate armour
rPois   .          Reflect  .    (helmet restricted)
rElec   .          Harm     .    o - +0 cloak
rCorr   .          Rampage  .    (no gloves)
Will    .....      NoTele   +    (no boots) Stlth
                                 (no amulet)
HPRegen 0.34/turn                b - +3 ring of dexterity
MPRegen 0.18/turn                d - +3 ring of intelligence

@: mighty, lethally poisoned (-4 -> -58), protected from physical damage,
slowed, repel missiles, very slow
A: antennae 2, molten scales 1, powered by pain 1, condensation shield
a: Renounce Religion, Upheaval, Elemental Force, Disaster Area


You were in the Dungeon.
You worshipped Qazlal.
Qazlal was exalted by your worship.
You visited 1 branch

Inventory:

Hand Weapons
 m - a +2 war axe of freezing (weapon)
Armour
 c - a +0 buckler (worn)
 n - a +3 plate armour (worn)
 o - a +0 cloak (worn)
Jewellery
 b - a +3 ring of dexterity (left hand)
 d - a +3 ring of intelligence (right hand)
Scrolls
 j - a scroll of blinking
Potions
 a - a potion of degeneration {unknown}
 e - 8 potions of curing
 f - 9 potions of heal wounds
 g - a potion of haste
 h - 4 potions of magic
 i - 3 potions of berserk rage
 k - 2 potions of invisibility


   Skills:
 + Level 11.5 Fighting
 + Level 10.6 Axes
 + Level 10.5 Armour
 + Level 10.5 Shields
 * Level 19.6 Invocations


You had 9 spell levels left.
You didn't know any spells.
Your spell library was empty.

Dungeon Overview and Level Annotations

Branches:
Dungeon (1/1)

Altars:
Ashenzari
Cheibriados
Dithmenos
Fedhas
Gozag
Hepliaklqana
Kikubaaqudgha
Makhleb
Nemelex Xobeh
Okawaru
Qazlal
Ru
Sif Muna
Trog
Uskayaw
Vehumet
Wu Jian
Xom
Yredelemnul
Jiyva
Lugonu


Innate Abilities, Weirdness & Mutations

You have a pair of antennae on your head.
You are partially covered in molten scales. (AC +2)
You sometimes gain a little power by taking damage.
A meltable shield of frost defends you. (SH +4)


Message History

You feel very sick.
The naga mage no longer looks unusually toxic.
You block the naga mage's attack. The naga mage grabs you.
The naga mage constricts you.
The naga mage casts a spell at the naga mage.
The naga mage seems to grow toxic.
The naga mage spits poison at you.
The splash of poison hits you but does no damage.
You are more poisoned.
You have difficulty breathing.
You feel yourself slow down. The naga mage constricts you.
You hit the naga mage but do no damage.
The naga mage is moderately wounded.
You feel very sick. You block the naga mage's attack.
The naga mage hits you with a +0 whip! The naga mage constricts you.
The naga mage points at you and mumbles some strange words.
The bolt of poison hits the naga mage.
The naga mage is poisoned.
The bolt of poison hits you!
You are more poisoned.
* * * LOW HITPOINT WARNING * * *
You block the naga mage's attack. The naga mage constricts you.
You slash the naga mage! You freeze the naga mage.
The naga mage is severely wounded.
* * * LOW HITPOINT WARNING * * *
You feel extremely sick.
The naga mage hits you but does no damage.
The naga mage is engulfed in blazing flames.
The naga mage casts a spell at you. The bolt of poison hits you.
You are more poisoned.
* * * LOW HITPOINT WARNING * * *
The naga mage constricts you.
* * * LOW HITPOINT WARNING * * *
The naga mage casts a spell at you.
The bolt of poison hits the naga mage!
The naga mage dies!
The bolt of poison hits you!
You are more poisoned.
You die...

÷###### ÷##### ####
.....+ .+...## { {
.....+..+.....## {
....##..##.....## #
..###....###)...# .#
÷##........###.### )#
'#)..#..#...#.§°.#§)#
÷..≈........')).@☼g†+
'#)≈.#..#...#))☼.#N.#
.##≈≈......###§###r.#
..###....###(...# .#
....##..##≈.)).## #
.....'.≈'†.)..## {
##..≈'..'...###
############


You could see a naga mage (fast, curare) and a gnoll.

Vanquished Creatures
  A two-headed ogre (D)
  Sonja (D)
  An orc knight (D)
  A deep elf pyromancer (D)
  A black mamba (D)
  An elephant (D)
  A demonic crawler (D)
  2 molten gargoyles (D)
  A naga mage (D)
  A gargoyle (D)
  2 ice devils (D)
  A hellwing (D)
  A ynoxinul (D)
  A jumping spider (D)
  A fire bat (D)
  4 yaks (D)
  2 redbacks (D)
  2 floating eyes (D)
  2 orc warriors (D)
  An ice beast (D)
  A sky beast (D)
  An ogre (D)
  A centaur (D)
  5 wolves (D)
  A necrophage (D)
  A scorpion (D)
  A quasit (D)
  A gnoll bouda (D)
  Crazy Yiuf (D)
  An iron imp (D)
  A hell rat (D)
  An orc wizard (D)
  6 gnolls (D)
  3 river rats (D)
  An ufetubus (D)
  6 orcs (D)
  A bat (D)
  An endoplasm (D)
  2 giant cockroaches (D)
  2 hobgoblins (D)
  A ball python (D)
  A ball python skeleton (D)
  A rat (D)
69 creatures vanquished.

Vanquished Creatures (others)
  A naga mage (D)
1 creature vanquished.

Grand Total: 70 creatures vanquished

Notes
Turn   | Place    | Note
-------+----------+-------------------------------------------
     0 | D        | BigDaddyOpFi the Demonspawn Fighter began the quest for the
                  | Orb.
     0 | D        | Reached XP level 1. HP: 18/18 MP: 1/1
    22 | D        | Found a bloodstained altar of Trog.
    22 | D        | Found a shimmering blue altar of Sif Muna.
    22 | D        | Found a viscous altar of Jiyva.
    22 | D        | Found a hazy altar of Hepliaklqana.
    22 | D        | Found an opulent altar of Gozag.
    23 | D        | Found a basalt altar of Yredelemnul.
    23 | D        | Found a shimmering altar of Xom.
    23 | D        | Found an ornate altar of the Wu Jian Council.
    23 | D        | Found a sacrificial altar of Ru.
    23 | D        | Found a stormy altar of Qazlal.
    23 | D        | Found an iron altar of Okawaru.
    23 | D        | Found a sparkling altar of Nemelex Xobeh.
    23 | D        | Found a burning altar of Makhleb.
    23 | D        | Found a blossoming altar of Fedhas.
    23 | D        | Found a shadowy altar of Dithmenos.
    23 | D        | Found a snail-covered altar of Cheibriados.
    24 | D        | Found a radiant altar of Vehumet.
    24 | D        | Found a corrupted altar of Lugonu.
    25 | D        | Found an ancient bone altar of Kikubaaqudgha.
    25 | D        | Found a hide-covered altar of Uskayaw.
    25 | D        | Found a broken altar of Ashenzari.
    28 | D        | Became a worshipper of Qazlal Stormbringer
    53 | D        | Noticed a floating eye
    57 | D        | Paralysed by a floating eye for 2 turns
    60 | D        | Paralysed by a floating eye for 3 turns
    63 | D        | Killed a floating eye
    64 | D        | Reached skill level 6 in Invocations
    64 | D        | Gained mutation: A meltable shield of frost defends you.
                  | (SH +4) [demonic ancestry]
    64 | D        | Reached XP level 2. HP: 26/26 MP: 1/6
    64 | D        | Reached XP level 3. HP: 32/32 MP: 1/7
    64 | D        | Reached XP level 4. HP: 38/38 MP: 1/8
   332 | D        | Reached * piety under Qazlal
   477 | D        | Noticed a floating eye
   478 | D        | Paralysed by a floating eye for 4 turns
   481 | D        | Reached skill level 5 in Fighting
   483 | D        | Reached ** piety under Qazlal
   485 | D        | Paralysed by a floating eye for 3 turns
   488 | D        | Killed a floating eye
   489 | D        | Reached skill level 5 in Armour
   489 | D        | Reached skill level 5 in Shields
   489 | D        | Reached skill level 8 in Invocations
   489 | D        | Reached XP level 5. HP: 39/46 MP: 8/11
   564 | D        | Noticed an ice beast
   565 | D        | Noticed a sky beast
   580 | D        | Killed an ice beast
   581 | D        | Reached skill level 5 in Axes
   581 | D        | Reached skill level 9 in Invocations
   581 | D        | Gained mutation: You have a pair of small antennae on your
                  | head. [demonic ancestry]
   581 | D        | Reached XP level 6. HP: 38/52 MP: 11/13
   581 | D        | Reached *** piety under Qazlal
   597 | D        | Killed a sky beast
   598 | D        | Reached skill level 10 in Invocations
   625 | D        | Reached **** piety under Qazlal
   635 | D        | Noticed a ynoxinul
   646 | D        | Killed a ynoxinul
   647 | D        | Reached skill level 11 in Invocations
   647 | D        | Reached XP level 7. HP: 38/60 MP: 15/15
  1150 | D        | Noticed a fire bat
  1165 | D        | Reached skill level 12 in Invocations
  1166 | D        | Reached ***** piety under Qazlal
  1179 | D        | Killed a fire bat
  1497 | D        | Noticed a jumping spider
  1497 | D        | Noticed a gargoyle
  1498 | D        | Killed a gargoyle
  1498 | D        | Killed a jumping spider
  1499 | D        | Reached skill level 13 in Invocations
  1499 | D        | Gained mutation: You have a pair of antennae on your head.
                  | [demonic ancestry]
  1499 | D        | Reached XP level 8. HP: 68/68 MP: 8/18
  2294 | D        | Noticed a deep elf pyromancer
  2300 | D        | Reached skill level 14 in Invocations
  2300 | D        | Killed a deep elf pyromancer
  2303 | D        | Gained mutation: You sometimes gain a little power by
                  | taking damage. [demonic ancestry]
  2303 | D        | Reached XP level 9. HP: 75/75 MP: 18/20
  2309 | D        | Reached skill level 15 in Invocations
  2317 | D        | Noticed a black mamba
  2317 | D        | Noticed Sonja
  2318 | D        | Noticed a hellwing
  2320 | D        | Killed Sonja
  2320 | D        | Killed a hellwing
  2321 | D        | Reached skill level 16 in Invocations
  2322 | D        | Killed a black mamba
  2333 | D        | Reached ****** piety under Qazlal
  2334 | D        | Reached skill level 10 in Fighting
  2336 | D        | Noticed an elephant
  2337 | D        | Noticed an ice devil
  2339 | D        | Killed an ice devil
  2340 | D        | Reached skill level 17 in Invocations
  2340 | D        | Gained mutation: You are partially covered in molten
                  | scales. (AC +2) [demonic ancestry]
  2340 | D        | Reached XP level 10. HP: 61/85 MP: 7/22
  2349 | D        | Killed an elephant
  2646 | D        | Noticed a two-headed ogre
  2646 | D        | Noticed Crazy Yiuf
  2647 | D        | Killed Crazy Yiuf
  2647 | D        | Killed a two-headed ogre
  2648 | D        | Reached skill level 18 in Invocations
  2649 | D        | Noticed a molten gargoyle
  2655 | D        | Killed a molten gargoyle
  2656 | D        | Reached skill level 10 in Axes
  2656 | D        | Reached skill level 10 in Armour
  2656 | D        | Reached skill level 10 in Shields
  2663 | D        | Noticed an orc knight
  2669 | D        | Killed an orc knight
  2830 | D        | Noticed a molten gargoyle
  2831 | D        | Noticed a demonic crawler
  2837 | D        | Killed a molten gargoyle
  2837 | D        | Noticed a naga mage
  2838 | D        | Reached skill level 19 in Invocations
  2838 | D        | Killed a naga mage
  2841 | D        | Noticed a naga mage
  2843 | D        | Noticed a naga mage
  2852 | D        | Killed a demonic crawler
  2856 | D        | Killed a naga mage
  2856 | D        | Killed from afar by a naga mage

Illustrated notes

Levels and vault maps discovered:
D:        pitsprint [storerooms_1, entrance_room_1, metal_vault_4, armoury_2,
          mini_pit_1, grid_room_1, main_hall_1, silver_pit, the_coven_1,
          the_vestibule_1, steel_vault_4, golden_pit, hallway_of_sentries,
          crystal_vault_6, iron_vault_1, final_vault]

Skill      XL: |  1  2  3  4  5  6  7  8  9 10 |
---------------+-------------------------------+-----
Axes           | 3 4 5 6 7 8 9 10 | 10.6
Armour         | 4 5 6 7 8 9 10 | 10.5
Shields        | 4 5 6 7 8 9 10 | 10.5
Fighting       | 4 5 6 7 8 10 11 | 11.5
Invocations    | 6 8 9 11 13 14 17 19 | 19.6

Action                     |  1- 3 |  4- 6 |  7- 9 | 10-12 || total
---------------------------+-------+-------+-------+-------++-------
  Melee: War axe           |     6 |    70 |    46 |    32 ||   154
 Invoke: Disaster Area     |       |       |     3 |     5 ||     8
    Use: Potion            |       |     3 |       |     2 ||     5
 Armour: Scale mail        |     1 |     4 |       |       ||     5
         Chain mail        |       |    20 |    10 |       ||    30
         Plate armour      |       |       |    16 |    35 ||    51
  Dodge: Dodged            |     2 |    19 |    18 |    15 ||    54
         Repelled          |       |     1 |       |     1 ||     2
  Block: Buckler           |     2 |    38 |    54 |    69 ||   163

Table legend: (Time is in decaauts)
 A = Elapsed time spent in this place.
 B = Non-inter-level travel time spent in this place.
 C = Inter-level travel time spent in this place.
 D = Time resting spent in this place.
 E = Time spent auto-exploring this place.
 F = Levels seen in this place.
 G = Mean time per level.
                   A        B        C        D        E       F      G
               +--------+--------+--------+--------+--------+-----+--------+
         Total |   2892 |   2821 |     71 |   2340 |      0 |   1 | 2892.0 |
       Dungeon |   2892 |   2821 |     71 |   2340 |      0 |   1 | 2892.0 |
               +--------+--------+--------+--------+--------+-----+--------+

Top non-repeatable levels by time:
       D: 2892 daAuts
